AoeStats
← I Hate Rush

Four Lakes

509327890Analyzed
1v1 RM · 6d ago on Sep 26, 2026· 41m 25s· 2 players
Game mode
Random Map
Map size
Tiny (2 player)
Population
200
Speed
Normal
Resources
Standard
Victory
Conquest
Starting age
Dark Age
Ending age
Imperial Age
RankedLock teamsTeams togetherTeam positionsShared explorationLock speedFull tech treeHidden civsTurbo modeCheats
Victory
Defeat
🇭🇰 Persians · Hong Kong SAR China
1331
+19
🇩🇪 Armenians · Germany
1390
-19
C4kr
8:39 Loom
11:29 Feudal Age
17:22 Castle Age
15:19 Double-Bit Axe
15:34 Fletching
17:05 Gold Mining
17:29 Crossbowman
17:52 Crossbowman
18:31 Bodkin Arrow
21:54 Bow Saw
22:20 Pikeman
23:01 Squires
23:29 Scale Mail Armor
26:42 Town Watch
27:35 Chain Mail Armor
31:10 Halberdier
35:03 Imperial Age
33:45 Horse Collar
36:29 Plate Mail Armor
36:52 Ballistics
37:32 Chemistry
I Hate Rush
6:50 Loom
9:21 Feudal Age
9:50 Double-Bit Axe
20:45 Castle Age
18:53 Horse Collar
19:05 Gold Mining
19:24 Scale Barding Armor
20:11 Bloodlines
21:42 Wheelbarrow
21:42 Bow Saw
22:54 Chain Barding Armor
22:47 Husbandry
24:46 Stone Mining
28:30 Forging
32:36 Ballistics
34:57 Imperial Age
33:52 Devotion
34:30 Iron Casting
35:01 Masonry
36:29 Chemistry
37:19 Plate Barding Armor
36:49 Cavalier
38:31 Blast Furnace
41:32 Hand Cart
Connection lost

Rejoining the realm…

Still unreachable

The connection could not be restored.

Session expired

The server has moved on; the page needs a fresh start.